 Dungeon Crawl Stone Soup version 0.19-a0-1637-gfc13266 (webtiles) character file.

393 Ijustatesigmund the Conjurer (level 6, 0/34 HPs)
             Began as a Deep Elf Wizard on Sept 19, 2016.
             Slain by a hound (2 damage)
             ... on level 3 of the Dungeon.
             The game lasted 00:14:23 (3992 turns).

Ijustatesigmund the Conjurer (Deep Elf Wizard)      Turns: 3992, Time: 00:14:24

Health: 0/34       AC:  7    Str:  4    XL:     6   Next: 51%
Magic:  0/14       EV: 13    Int: 23    God:
Gold:   61         SH:  0    Dex: 15    Spells: 5 memorised, 2 levels left

rFire  + . .     SeeInvis .     h - +2 dagger
rCold  . . .     Gourm    .     a - +0 robe
rNeg   . . .     Faith    .     (no shield)
rPois  .         Spirit   .     (helmet restricted)
rElec  .         Dismiss  .     (no cloak)
rCorr  .         Reflect  .     o - +0 pair of gloves
MR     .....     Harm     .     m - +0 pair of boots
Stlth  ++........               (no amulet)
                                (no ring)
                                i - +1 ring of protection

@: no status effects
A: horns 1, thin metallic scales 1, fire resistance 1
a: no special abilities


You were on level 3 of the Dungeon.
You were not hungry.

You visited 1 branch of the dungeon, and saw 4 of its levels.

You collected 61 gold pieces.

Inventory:

Hand Weapons
 h - a +2 dagger (weapon)
Armour
 a - a +0 robe (worn)
 m - a +0 pair of boots (worn)
 o - a +0 pair of gloves (worn)
Jewellery
 i - a +1 ring of protection (left hand)
Potions
 j - a potion of flight
Books
 c - a book of Minor Magic

   Spells                             Type                      Level
   a - Magic Dart                     Conjuration                  1
   b - Blink                          Translocation                2
   c - Call Imp                       Summoning                    2
   d - Repel Missiles                 Charms/Air                   2
   e - Slow                           Hexes                        2
   f - Conjure Flame                  Conjuration/Fire             3
   g - Mephitic Cloud                 Conjuration/Poison/Air       3
Comestibles
 d - a bread ration
 k - a meat ration


   Skills:
 + Level 1.4 Fighting
 + Level 1.8 Short Blades
 - Level 2.4 Dodging
 - Level 2.4 Stealth
 - Level 4.4 Spellcasting
 - Level 4.8 Conjurations
   Level 1.1 Summonings
 - Level 2.4 Translocations
 - Level 2.5 Air Magic
 - Level 1.8 Poison Magic


You had 2 spell levels left.
You knew the following spells:

 Your Spells              Type           Power        Failure   Level  Hunger
a - Magic Dart            Conj           ####         1%          1    None
b - Blink                 Tloc           N/A          6%          2    None
c - Repel Missiles        Chrm/Air       ##....       12%         2    None
d - Mephitic Cloud        Conj/Pois/Air  ###.....     10%         3    ##.....
e - Conjure Flame         Conj/Fire      ###.....     12%         3    ##.....


Dungeon Overview and Level Annotations

Branches:
Dungeon (4/15)
 Temple: D:4-7

Altars:
Dithmenos
Nemelex Xobeh
Okawaru

Annotations:
D:3 PeterLawrence's ghost, amateur GrFi
D:4 Menkaure


Innate Abilities, Weirdness & Mutations

You have a pair of small horns on your head.
You are partially covered in thin metallic scales. (AC +2)
Your flesh is heat resistant. (rF+)


Message History

The orc priest begins to cast a cantrip, but forgets the words!
Something hits you but does no damage.
You climb upwards.
Level annotation: PeterLawrence's ghost, amateur GrFi PeterLawrence's ghost closely misses you.
There is a stone staircase leading down here.
The hound closely misses you.
PeterLawrence's ghost closely misses you.
The orc priest calls down the wrath of Beogh upon you.
Beogh smites you!
* * * LOW HITPOINT WARNING * * *
The hound bites you.
* * * LOW HITPOINT WARNING * * *
The hound bites you but does no damage.
Casting: Blink
Confirm with . or Enter, or press ? or * to list all spells.
You blink.
There is a stone staircase leading up here.
The hound misses you. The hound bites you.
You die...

# ...#.#.#.####.... # #.
........<.........# # #.#
#..............#... #
#.#..#.....#.........#.#
####.. #..)...#.....!<....#
...... .##...#.[......)#..
###..######..............##
............#...##.........
####..#######.#.@........##
##...##### #....h.........
.........# ##..###.........
.........###..####W.#......
...#..........###..........
...#.....####.##[)#.#......
...#.....# ##.#..####......
.........# #..oW## .....
...#.....# #..>## ....


You could see a hound and PeterLawrence's ghost.

Vanquished Creatures
  A necrophage (D:3)
  A water moccasin skeleton (D:3)
  Natasha (thrice) (D:2 D:3)
  An iguana (D:4)
  Robin (D:2)
  4 adders
  An ooze (D:1)
  2 worms
  5 dart slugs
  4 leopard geckos
  9 orcs
  3 giant cockroaches
  9 goblins
  9 hobgoblins
  9 jackals
  2 kobolds (D:2)
  2 quokkas (D:2)
  2 ball pythons
  6 bats
  4 frilled lizards
  7 rats
85 creatures vanquished.

Notes
Turn   | Place    | Note
-------+----------+-------------------------------------------
     0 | D:1      | Ijustatesigmund the Deep Elf Wizard began the quest for the Orb.
     0 | D:1      | Reached XP level 1. HP: 10/10 MP: 7/7
   241 | D:1      | Reached XP level 2. HP: 15/15 MP: 6/9
   245 | D:1      | Learned a level 2 spell: Blink
   248 | D:1      | Learned a level 2 spell: Repel Missiles
   887 | D:1      | Reached XP level 3. HP: 19/19 MP: 7/10
   892 | D:1      | Learned a level 3 spell: Mephitic Cloud
  1173 | D:2      | Reached skill level 1 in Poison Magic
  1302 | D:2      | Found a sparkling altar of Nemelex Xobeh.
  1414 | D:2      | Noticed Natasha
  1449 | D:2      | Killed Natasha
  1449 | D:2      | Reached XP level 4. HP: 16/24 MP: 8/12
  1565 | D:2      | Noticed Robin
  1607 | D:2      | Killed Robin
  1787 | D:2      | Learned a level 3 spell: Conjure Flame
  1927 | D:2      | Found an iron altar of Okawaru.
  2316 | D:2      | Reached XP level 5. HP: 28/28 MP: 10/13
  2483 | D:3      | Reached skill level 1 in Air Magic
  2509 | D:3      | Noticed Natasha
  2785 | D:3      | Killed Natasha
  2860 | D:3      | Noticed PeterLawrence's ghost (amateur GrFi)
  2867 | D:4      | Noticed Menkaure
  2874 | D:4      | HP: 1/28 [Menkaure/nerve-wracking pain (14)]
  2876 | D:4      | Gained mutation: Your flesh is heat resistant. (rF+) [potion of mutation]
  2876 | D:4      | Gained mutation: You have a pair of small horns on your head. [potion of mutation]
  2876 | D:4      | Gained mutation: You are partially covered in thin metallic scales. (AC +2) [potion of mutation]
  3171 | D:4      | Found a shadowy altar of Dithmenos.
  3384 | D:4      | Reached XP level 6. HP: 32/32 MP: 5/14
  3492 | D:3      | Reached skill level 1 in Fighting
  3492 | D:3      | Reached skill level 1 in Short Blades
  3546 | D:3      | Noticed Natasha
  3550 | D:3      | Killed Natasha
  3986 | D:3      | HP: 1/34 [hound (4)]
  3992 | D:3      | Slain by a hound

Vault maps used:
D:1:      dpeg_arrival_oval
D:2:      overflow_temple_1_default, first_bread, hangedman_decor_points,
          kennysheep_okawaru_gauntlet, uniq_robin, uniq_natasha
D:3:      overflow_temple_1_default, serial_curves, eino_curves_02,
          eino_curves_02, uniq_grinder
D:4:      grunt_dithmenos_smoke_and_mirrors, nicolae_tso_carved_into_rock,
          lemuel_doored_altar, uniq_menkaure

Skill      XL: |  1  2  3  4  5  6 |
---------------+-------------------+-----
Conjurations   | 2 3 4 |  4.8
Poison Magic   | 1 |  1.8
Translocations | 2 |  2.4
Air Magic      | 2 |  2.5
Fighting       | 1 |  1.4
Short Blades   | 1 |  1.8
Dodging        | |  2.4
Stealth        | |  2.4
Spellcasting   | |  4.4
Summonings     | |  1.1

Action                   |  1- 3 |  4- 6 || total
-------------------------+-------+-------++-------
Melee: Dagger            |    14 |    57 ||    71
       Headbutt          |       |     7 ||     7
 Cast: Magic Dart        |    77 |   153 ||   230
       Repel Missiles    |     2 |       ||     2
       Mephitic Cloud    |     1 |     5 ||     6
       Blink             |     1 |     4 ||     5
  Use: Scroll            |     3 |     9 ||    12
       Potion            |     1 |     3 ||     4
 Stab: Sleeping          |     3 |       ||     3
  Eat: Chunk             |     1 |     4 ||     5
       Fruit             |       |     4 ||     4
       Bread ration      |       |     1 ||     1
Armor: Robe              |     9 |    32 ||    41
Dodge: Dodged            |    23 |    69 ||    92
       Deflected         |     1 |     2 ||     3
